 Dungeon Crawl Stone Soup version 0.29.1-13-g9f3cf754e1 (webtiles) character file.

Game seed: 12161896744809249368

37 Thatpatchoflichen the Trooper (level 3, -1/39 HPs)
             Began as an Ogre Fighter on Jan 31, 2023.
             Slain by a black bear (6 damage)
             ... on level 1 of the Dungeon.
             The game lasted 00:02:33 (1744 turns).

Thatpatchoflichen the Trooper (Ogre Fighter)        Turns: 1744, Time: 00:02:34

Health: -1/39      AC:  3    Str: 20    XL:     3   Next: 41%
Magic:  3/3        EV:  9    Int:  9    God:
Gold:   62         SH:  7    Dex: 10    Spells: 2/2 levels left

rFire   . . .      SeeInvis .   a - +0 long sword
rCold   . . .      Faith    .   c - +0 kite shield
rNeg    . . .      Spirit   .   b - +0 robe
rPois   .          Reflect  .   (helmet restricted)
rElec   .          Harm     .   (no cloak)
rCorr   .          Rampage  .   (gloves unavailable)
Will    .....                   (boots unavailable)
Stlth   +.........              (no amulet)
HPRegen 0.13/turn               f - ring of flight
MPRegen 0.08/turn               (no ring)

@: weak-willed, flying
A: large, unfitting armour, tough skin 1
a: no special abilities


You were on level 1 of the Dungeon.
You visited 1 branch of the dungeon, and saw 2 of its levels.

You collected 62 gold pieces.

Inventory:

Hand Weapons
 a - a +0 long sword (weapon)
Missiles
 k - 4 boomerangs (quivered)
Armour
 b - a +0 robe (worn)
 c - a +0 kite shield (worn)
Jewellery
 f - a ring of flight (left hand)
Scrolls
 h - a scroll of vulnerability
 i - a scroll of identify {unknown}
 l - a scroll of amnesia {unknown}
 m - a scroll of teleportation {unknown}
Potions
 d - a potion of might
 e - a potion of lignification {unknown}
 g - a potion of heal wounds {unknown}
 j - a potion of curing {unknown}


   Skills:
 - Level 4.0 Fighting
 - Level 2.0 Long Blades
 + Level 3.3 Dodging
 + Level 3.6 Shields


You had 2 spell levels left.
You didn't know any spells.
Your spell library contained the following spells:

 Spells                   Type           Power      Damage    Failure   Level
 Call Canine Familiar     Summ           0%         N/A       96%         3
 Portal Projectile        Hex/Tloc       0%         N/A       96%         3
 Leda's Liquefaction      Hex/Erth       0%         N/A       100%        4


Dungeon Overview and Level Annotations

Branches:
Dungeon (2/15)

Altars:


Innate Abilities, Weirdness & Mutations

You are too large for most types of armour.
You have tough skin. (AC +1)


Message History

The black bear bites you. You block the black bear's attack.
The black bear claws you.
You see here a rat corpse.
The black bear attacks as you move away!
The black bear bites you. You block the black bear's attack.
The black bear closely misses you.
The black bear attacks as you move away!
The black bear misses you. The black bear barely misses you.
You block the black bear's attack.
The black bear attacks as you move away!
The black bear barely misses you. The black bear claws you.
You block the black bear's attack.
You see here a bat corpse.
You block the black bear's attack. The black bear barely misses you.
The black bear claws you.
There is a stone staircase leading up here.
The black bear bites you! The black bear completely misses you.
You block the black bear's attack.
You fly upwards.
There is a stone staircase leading down here.
As you read the scroll labelled LINLIU TUPNA, it crumbles to dust.
Magic quickly surges around you.
It was a scroll of vulnerability.
The black bear bites you.
The black bear claws you but does no damage.
The black bear claws you.
* * * LOW HITPOINT WARNING * * *
The black bear attacks as you move away!
The black bear closely misses you. The black bear claws you.
* * * LOW HITPOINT WARNING * * *
The black bear claws you but does no damage.
The black bear attacks as you move away!
You block the black bear's attack. The black bear claws you.
* * * LOW HITPOINT WARNING * * *
The black bear claws you but does no damage.
You hit the black bear.
The black bear is moderately wounded.
You block the black bear's attack. The black bear claws you.
* * * LOW HITPOINT WARNING * * *
The black bear completely misses you. The black bear bites you.
You die...

#.#...# #..#.#.###.....##......
..#...# #..#.#..).#.....'......
..#...# #..#.#.#.#.....##......
..#...# #..#.#.#.#...#.##......
..##### ###....#.#...#.#.##......
#.# #......#.#..##.#.##...... #.#
#......#.#..##.#.##...... #.#
#......#.#..##.#.##......
#.#######....#>h@...##.#.##......
#...........####.#.....#.).......
######...........##########......
.................................
.................################
.................#
.................####
....................#
....................#


You could see a black bear (weak-willed).

Vanquished Creatures
  A dart slug (D:1)
  3 ball pythons (D:1)
  3 endoplasms (D:1)
  A giant cockroach (D:1)
  5 goblins (D:1)
  5 hobgoblins
  3 bats
  3 frilled lizards (D:1)
  2 kobolds (D:1)
  9 rats
35 creatures vanquished.

Notes
Turn   | Place    | Note
-------+----------+-------------------------------------------
     0 | D:1      | Thatpatchoflichen the Ogre Fighter began the quest for the
                  | Orb.
     0 | D:1      | Reached XP level 1. HP: 24/24 MP: 1/1
   514 | D:1      | Reached XP level 2. HP: 26/32 MP: 2/2
   886 | D:1      | Reached XP level 3. HP: 15/39 MP: 3/3
  1713 | D:2      | Noticed a black bear
  1744 | D:1      | Slain by a black bear

Illustrated notes

Levels and vault maps discovered:
D:1:      dpeg_arrival_tiny_h, layout_basic
D:2:      layout_loops_cross, minmay_indecisive_spiral

Skill      XL: |  1  2 |
---------------+-------+-----
Long Blades    | 2 |  2.0
Dodging        | 3 |  3.3
Fighting       | |  4.0
Shields        | |  3.6

Action                   || total
-------------------------++-------
Melee: Long sword        ||   102
  Use: Scroll            ||     1
Armor: Robe              ||    53
Dodge: Dodged            ||    72
Block: Kite shield       ||    49
